Unix NetHack Version 3.7.0-102 Work-in-progress - last build Apr 6 2024 13:22:21 (d302a6a9ff6341f1a922d8f5af178406b35fdf99,branch:master). Game began 2024-04-30 06:35:42, ended 2024-04-30 06:41:31. MalkMcJorma, chaotic male elven Ranger ------------- |...........| |...........| |............## |...........| #.>..........| #-----.------- # ###### ### # ----- ## # |<...## # |...| ---|- |.... |@.d+ ----- |.r.| |.... ----- MalkMcJorma the Tenderfoot St:16 Dx:10 Co:13 In:15 Wi:13 Ch:8 Chaotic Dlvl:2 $:5 HP:0(16) Pw:10(10) AC:2 Xp:2/32 T:599 Stressed Latest messages: You descend the stairs. You climb up the stairs. You see here an unlocked large box containing 9 items. You have trouble lifting an unlocked large box containing 9 items. Continue? [ynq] (q) You have trouble lifting j - an unlocked large box containing 9 items. You rebalance your load. Movement is difficult. You swap places with Warfrost. You swap places with Warfrost. You miss the fox. The fox bites! The fox bites! You kill the fox! The grid bug misses! You kill the grid bug! You swap places with Warfrost. The grid bug misses! The grid bug misses! You kill the grid bug! Warfrost misses the giant rat. Warfrost misses the giant rat. You hit the giant rat! The giant rat bites! Warfrost misses the giant rat. Warfrost misses the giant rat. The giant rat misses! Warfrost misses the giant rat. Warfrost misses the giant rat. You miss the giant rat. The giant rat bites! Warfrost misses the giant rat. The giant rat bites! The giant rat bites! Warfrost bites the giant rat. The giant rat is killed! You don't have enough stamina to move. The giant rat bites! Warfrost misses the giant rat. The giant rat bites! Warfrost misses the giant rat. You don't have enough stamina to move. The giant rat misses! Warfrost misses the giant rat. Warfrost misses the giant rat. Warfrost misses the giant rat. You don't have enough stamina to move. The giant rat bites! Warfrost misses the giant rat. Warfrost bites the giant rat. The giant rat bites! You die... Inventory: Coins ('$') $ - 5 gold pieces Weapons (')') g - 28 uncursed +0 arrows l - 26 cursed +0 arrows c - 59 blessed +2 elven arrows (in quiver) d - 32 uncursed +0 elven arrows b - an uncursed +1 elven bow (alternate weapon; not wielded) a - the uncursed +1 Sting (weapon in right hand) Armor ('[') q - an uncursed +0 orcish helm (being worn) e - an uncursed +2 elven cloak (being worn) s - an uncursed +0 orcish chain mail (being worn) Comestibles ('%') r - 2 uncursed food rations f - 5 uncursed lembas wafers Scrolls ('?') t - an uncursed scroll of identify Tools ('(') j - a cursed unlocked large box containing 9 items Contents of the large box: a cursed +0 guisarme an uncursed lichen corpse an uncursed scroll of light a blessed potion of sleeping an uncursed ring of regeneration an uncursed wand of slow monster (0:6) an uncursed wand of striking (0:8) a cursed crystal ball (0:3) a cursed wax candle MalkMcJorma the Ranger's attributes: Background: You were a Tenderfoot, a level 2 male elven Ranger. You were chaotic, on a mission for Mars who was opposed by Mercury (lawful) and Venus (neutral). You were right-handed. You were in the Dungeons of Doom, on level 2. You entered the dungeon 599 turns ago. You had 32 experience points, 8 more were needed to attain level 3. Basics: You had 0 out of 16 hit points. You had all 10 energy points (spell power). Your armor class was 2. Your wallet contained 5 zorkmids. Autopickup was off. Final Characteristics: Your strength was 16 (limit:18). Your dexterity was 10 (limit:18). Your constitution was 13 (limit:16). Your intelligence was 15 (limit:20). Your wisdom was 13 (limit:20). Your charisma was 8 (limit:18). Final Status: You weren't hungry. You were stressed; movement was moderately slowed. You were wielding a dagger. You had basic skill with dagger. Final Attributes: You were fervently aligned. You were aware of the presence of orcs. You had automatic searching. You had infravision. You were stealthy. You were warded. You are dead. Miscellaneous: You disabled loading of bones levels. Total elapsed playing time was 5 minutes and 49 seconds. Major events: Turn 1: MalkMcJorma the chaotic male elven Ranger entered the dungeon 1: became literate by naming Sting 495: entered the Gnomish Mines 599: killed by a giant rat Vanquished creatures: a giant rat 3 jackals 2 foxes a goblin a sewer rat 3 grid bugs 3 lichens 3 newts 17 creatures vanquished. No species were genocided or became extinct. Voluntary challenges: You were an atheist. You read items or engraved 3 times. You never engraved Elbereth. You never genocided any monsters. You never polymorphed an object. You never changed form. You used no wishes. Achievement: You entered the Gnomish Mines. The Dungeons of Doom: levels 1 to 3 Level 1: A fountain. Level 2: <- You were here. Stairs down to The Gnomish Mines. Final resting place for you, killed by a giant rat. Level 3: The Gnomish Mines: Level 3: Game over: ---------- / \ / REST \ / IN \ / PEACE \ / \ | MalkMcJorma | | 5 Au | | killed by a | | giant rat | | | | | | 2024 | *| * * * | * _________)/\\_//(\/(/\)/\//\/|_)_______ Goodbye MalkMcJorma the Ranger... You died in The Dungeons of Doom on dungeon level 2 with 233 points, and 5 pieces of gold, after 599 moves. You were level 2 with a maximum of 16 hit points when you died.